AoeStats
← xXRedHoodXx

Arena

510855387Analyzed
4v4 RM · 11h ago on Oct 2, 2026· 49m 19s· 8 players
Game mode
Random Map
Map size
Large (8 player)
Population
200
Speed
Normal
Resources
Standard
Victory
Conquest
Starting age
Dark Age
Ending age
Imperial Age
RankedLock teamsTeams togetherTeam positionsShared explorationLock speedFull tech treeHidden civsTurbo modeCheats
Victory
Defeat
🇲🇽 Spanish · Mexico
1089
+13
🇪🇸 Britons · Spain
1051
+14
🇵🇪 Franks · Peru
1025
+15
🇲🇽 Lithuanians · Mexico
1018
+16
🇨🇿 Burgundians · Czechia
1044
-16
🇬🇧 Britons · United Kingdom
1033
-21
🇩🇪 Varangians · Germany
994
-14
🇬🇧 Bohemians · United Kingdom
974
-13
Zodiac
9:25 Feudal Age
7:53 Double-Bit Axe
10:23 Bow Saw
9:55 Horse Collar
13:25 Heavy Plow
18:04 Castle Age
16:31 Heavy Plow
18:48 Wheelbarrow
21:49 Two-Man Saw
21:17 Stone Mining
25:49 Gold Mining
26:20 Hand Cart
26:35 Loom
26:35 Town Watch
28:45 Gold Shaft Mining
28:46 Stone Shaft Mining
28:37 Squires
27:57 Pikeman
28:55 Forging
28:46 Scale Mail Armor
28:51 Scale Barding Armor
28:37 Fletching
29:33 Town Patrol
30:17 Iron Casting
33:24 Imperial Age
31:21 Chain Barding Armor
30:45 Treadmill Crane
31:01 Murder Holes
31:18 Masonry
31:30 Burgundian Vineyards
31:59 Husbandry
31:20 Cavalier
33:21 Ballistics
33:00 Bodkin Arrow
33:39 Crop Rotation
34:54 Paladin
37:53 Blast Furnace
37:34 Plate Barding Armor
38:02 Blast Furnace
40:37 Chain Mail Armor
40:23 Bracer
40:21 Halberdier
42:04 Plate Mail Armor
45:12 Architecture
jonas.priel
10:45 Feudal Age
14:58 Castle Age
15:50 Town Watch
16:51 Loom
16:58 Double-Bit Axe
20:38 Bow Saw
24:15 Gold Mining
24:16 Stone Mining
27:30 Horse Collar
31:36 Imperial Age
30:46 Wheelbarrow
32:11 Hand Cart
37:06 Town Patrol
40:43 Two-Man Saw
40:04 Bloodlines
39:56 Heavy Plow
40:56 Cavalier
41:36 Husbandry
42:44 Forging
Big Dawg
11:38 Feudal Age
13:04 Double-Bit Axe
15:52 Castle Age
14:11 Horse Collar
18:01 Wheelbarrow
17:12 Loom
28:51 Imperial Age
26:19 Pikeman
27:14 Scale Mail Armor
28:44 Chemistry
28:21 Chain Mail Armor
28:31 Squires
29:43 Hand Cart
32:24 Plate Mail Armor
32:09 Forging
37:51 Siege Engineers
PortEsEn
10:43 Feudal Age
14:49 Castle Age
13:28 Stone Mining
13:55 Town Watch
14:03 Double-Bit Axe
14:38 Horse Collar
15:26 Fletching
17:13 Loom
18:12 Bodkin Arrow
18:54 Loom
23:04 Padded Archer Armor
23:35 Bow Saw
24:55 Leather Archer Armor
27:30 Scale Mail Armor
27:41 Forging
27:47 Heavy Plow
28:20 Masonry
29:19 Wheelbarrow
29:52 Chain Mail Armor
30:43 Ballistics
30:58 Pikeman
31:25 Gambesons
32:33 Iron Casting
36:49 Imperial Age
34:35 Squires
35:24 Gold Mining
38:36 Blast Furnace
37:09 Halberdier
37:54 Bracer
39:16 Two-Man Saw
39:38 Conscription
40:18 Elite Longbowman
42:55 Hand Cart
46:56 Chemistry
46:28 Architecture
49:35 Ring Archer Armor
Alcatraz
0:28 Loom
11:28 Feudal Age
16:04 Castle Age
14:03 Double-Bit Axe
14:03 Horse Collar
14:36 Gold Mining
17:35 Bow Saw
18:50 Wheelbarrow
23:01 Stone Mining
25:57 Hand Cart
25:26 Crossbowman
25:30 Elite Skirmisher
30:29 Imperial Age
28:19 Padded Archer Armor
28:10 Fletching
29:06 Fortified Wall
29:18 Ballistics
29:09 Heavy Plow
29:30 Leather Archer Armor
29:44 Bodkin Arrow
29:48 Murder Holes
31:06 Gold Shaft Mining
32:39 Chemistry
32:35 Bracer
33:02 Arrowslits
34:57 Conscription
35:16 Ring Archer Armor
36:00 Two-Man Saw
36:13 Yeomen
36:27 Pikeman
37:07 Squires
39:30 Arbalester
40:34 Scale Mail Armor
40:45 Forging
42:18 Warwolf
44:35 Halberdier
45:40 Chain Mail Armor
46:01 Iron Casting
47:50 Plate Mail Armor
Charlie 007
10:58 Feudal Age
14:57 Castle Age
12:48 Double-Bit Axe
14:04 Horse Collar
14:38 Stone Mining
14:39 Loom
21:27 Fletching
22:59 Gold Mining
28:39 Imperial Age
28:29 Padded Archer Armor
32:38 Chemistry
37:36 Bodkin Arrow
xXRedHoodXx
11:06 Feudal Age
12:40 Double-Bit Axe
15:17 Castle Age
17:20 Bow Saw
26:12 Wheelbarrow
25:23 Loom
25:23 Town Watch
29:00 Imperial Age
28:40 Forging
28:35 Scale Barding Armor
29:27 Husbandry
31:20 Conscription
30:31 Cavalier
31:22 Bloodlines
33:44 Iron Casting
33:29 Chain Barding Armor
33:39 Paladin
34:58 Plate Barding Armor
39:55 Gold Mining
39:55 Stone Mining
40:22 Hand Cart
44:21 Fletching
44:57 Ballistics
45:38 Chemistry
JACK SPARROW
7:14 Loom
10:44 Feudal Age
16:18 Castle Age
15:35 Double-Bit Axe
26:30 Forging
32:27 Iron Casting
31:53 Scale Mail Armor
31:15 Man-at-Arms
31:43 Gambesons
31:58 Squires
31:45 Arson
32:21 Scale Barding Armor
35:02 Imperial Age
33:09 Wheelbarrow
33:11 Town Watch
32:57 Long Swordsman
35:32 Two-Handed Swordsman
36:27 Cavalier
40:49 Blast Furnace
40:09 Chain Barding Armor
40:06 Chain Mail Armor
45:57 Hand Cart
46:07 Chain Barding Armor
Connection lost

Rejoining the realm…

Still unreachable

The connection could not be restored.

Session expired

The server has moved on; the page needs a fresh start.